Map: Simulacrum LE

Players

TSGSolar (Solar) - Winner!

  • Race: Zerg Zerg
  • League: Master
  • Spawn Location: 5:00

soO

  • Race: Zerg Zerg
  • Spawn Location: 11:00

VOD

Have the link to the VOD?

Description

Time

  • Played on: Jan. 9, 2020, 9:27 a.m.
  • Length: 9:23
Show
View Real Time Build Order
Export as new Build Order

TSGSolar Zerg - Winner!

Build Orders: Hatch First 

Get SALT Encoding   

  12  0:01  Drone  
  13  0:13  Overlord  
  13  0:17  Drone  
  14  0:31  Drone x2  
  16  0:49  Hatchery  
  15  0:52  Drone  
  15  0:56  Drone  
  17  0:58  Drone  
  18  1:09  Extractor  
  17  1:13  Spawning Pool  
  17  1:17  Drone  
  17  1:20  Drone  
  18  1:29  Drone  
  19  1:41  Overlord  
  19  1:50  Drone  
  20  2:00  Zergling x2  
  20  2:01  Queen x2  
  25  2:02  Drone  
  26  2:08  Metabolic Boost  
  26  2:12  Drone  
  26  2:14  Drone  
  28  2:23  Drone x2  
  30  2:36  Hatchery  
  29  2:39  Drone  
  29  2:41  Drone  
  31  2:48  Queen  
  33  2:54  Baneling Nest  
  33  2:58  Overlord  
  32  3:00  Drone  
  32  3:03  Drone  
  32  3:05  Drone  
  35  3:10  Zergling x2  
  36  3:16  Zergling x2  
  36  3:17  Zergling x6  
  36  3:19  Drone  
  41  3:20  Drone  
  41  3:23  Drone  
  43  3:29  Evolution Chamber  
  43  3:30  Overlord  
  43  3:32  Drone  
  43  3:37  Drone  
  43  3:40  Baneling x2  
  43  3:48  Drone  
  43  3:52  Drone x3  
  43  3:53  Drone  
  48  4:00  Zergling x2  
  48  4:01  Zergling x2  
  48  4:02  Overlord  
  50  4:03  Drone  
  50  4:04  Drone  
  50  4:06  Drone  
  50  4:09  Lair  
  53  4:11  Drone  
  54  4:17  Drone x3  
  54  4:19  Extractor, Drone  
  54  4:21  Extractor, Overlord  
  54  4:22  Drone x2  
  58  4:27  Drone x3  
  58  4:29  Drone  
  58  4:31  Extractor, Drone  
  63  4:33  Drone  
  63  4:34  Drone  
  63  4:38  Drone  
  64  4:39  Drone  
  64  4:42  Zerg Melee Weapons Level 1  
  64  4:45  Overlord  
  65  4:48  Drone  
  65  4:51  Drone x3  
  69  4:53  Extractor  
  69  4:54  Zergling x8, Extractor  
  69  4:59  Zergling x2  
  72  5:00  Zergling x2  
  72  5:03  Overlord  
  72  5:04  Drone x3  
  76  5:09  Spire  
  76  5:13  Zergling x6  
  77  5:15  Overseer  
  77  5:17  Overlord  
  77  5:20  Drone  
  77  5:21  Drone x3  
  79  5:25  Overlord  
  81  5:29  Zergling x6  
  81  5:31  Overlord  
  81  5:34  Drone x2  
  85  5:36  Overlord  
  85  5:40  Overlord  
  85  5:42  Overlord  
  85  5:56  Baneling x2  
  84  5:59  Drone  
  84  6:01  Zergling x6  
  84  6:03  Hatchery  
  84  6:21  Mutalisk x10  
  104  6:30  Mutalisk  
  105  6:33  Mutalisk  
  105  6:38  Zergling x12  
  110  6:51  Mutalisk x2  
  110  6:53  Zergling x10  
  116  6:57  Zerg Flyer Armor Level 1  
  116  6:58  Overlord  
  116  6:59  Zergling x2  
  116  7:03  Zergling x2  
  115  7:09  Mutalisk x2  
  115  7:15  Zergling x2  
  117  7:17  Zergling x2  
  117  7:19  Mutalisk  
  117  7:21  Zergling x2  
  115  7:25  Zergling x14  
  115  7:27  Queen  
  115  7:28  Corruptor  
  123  7:33  Corruptor x2  
  127  7:37  Zergling x4  
  127  7:42  Extractor  
  127  7:43  Extractor, Mutalisk  
  123  7:46  Corruptor  
  123  7:49  Queen x3  
  123  7:51  Zergling x4  
  133  7:56  Mutalisk  
  133  7:58  Zergling x14  
  136  8:01  Drone x3  
  136  8:03  Drone x2  
  135  8:06  Corruptor  
  137  8:12  Corruptor  
  137  8:14  Zergling x4  
  137  8:19  Mutalisk  
  129  8:21  Zergling x4  
  129  8:26  Corruptor  
  128  8:28  Mutalisk  
  128  8:30  Zergling x8  
  124  8:35  Zergling x8  
  124  8:39  Mutalisk  
  128  8:42  Mutalisk  
  128  8:44  Mutalisk  
  128  8:47  Mutalisk  
  126  8:48  Zergling x2  
  126  8:50  Zergling x4  
  126  8:52  Mutalisk  
  126  8:55  Zergling x2  
  129  8:57  Zergling x4  
  122  9:03  Zergling x4  
Show
View Real Time Build Order
Export as new Build Order

soO Zerg 

Build Orders: Hatch First 

Get SALT Encoding   

  12  0:00  Drone  
  13  0:12  Overlord  
  13  0:17  Drone  
  14  0:31  Drone x2  
  16  0:48  Hatchery  
  15  0:51  Drone  
  15  0:55  Drone  
  17  0:58  Drone  
  18  1:09  Extractor  
  17  1:14  Spawning Pool  
  17  1:17  Drone  
  17  1:21  Drone  
  18  1:29  Drone  
  19  1:38  Drone  
  20  1:49  Overlord  
  20  2:00  Queen x2  
  24  2:01  Drone  
  24  2:02  Drone  
  26  2:12  Metabolic Boost  
  26  2:13  Zergling x2  
  26  2:14  Drone  
  28  2:21  Drone  
  28  2:22  Drone  
  30  2:35  Hatchery  
  29  2:42  Queen  
  31  2:44  Drone  
  31  2:47  Drone  
  31  2:50  Overlord  
  33  2:53  Drone  
  33  2:55  Drone  
  35  2:59  Drone  
  35  3:04  Baneling Nest  
  35  3:09  Zergling x2  
  35  3:10  Zergling x4  
  38  3:14  Drone  
  38  3:15  Zergling x2  
  40  3:20  Overlord  
  40  3:21  Drone  
  40  3:24  Drone  
  40  3:25  Drone  
  40  3:27  Drone  
  44  3:38  Overlord  
  44  3:40  Drone x3  
  44  3:41  Drone  
  48  3:43  Drone  
  48  3:47  Extractor  
  48  3:51  Baneling  
  48  3:53  Drone x3  
  48  3:54  Drone  
  52  3:56  Zergling x2  
  52  4:01  Lair  
  53  4:04  Evolution Chamber  
  53  4:05  Drone  
  53  4:06  Drone  
  53  4:07  Drone  
  55  4:13  Drone  
  55  4:14  Drone x4  
  60  4:18  Drone x2  
  62  4:25  Drone x3  
  62  4:27  Extractor  
  62  4:28  Extractor  
  62  4:31  Drone  
  64  4:33  Roach Warren  
  64  4:34  Zerg Missile Weapons Level 1  
  64  4:35  Drone  
  64  4:37  Drone x2  
  66  4:45  Overlord  
  66  4:48  Overlord  
  66  4:52  Overlord  
  65  4:55  Overlord  
  65  4:58  Drone  
  65  5:05  Zergling x4  
  65  5:06  Zergling x2  
  69  5:07  Drone x3  
  69  5:08  Drone x4  
  69  5:12  Drone x3  
  78  5:18  Drone  
  78  5:20  Extractor x2  
  77  5:21  Spire, Zergling x4  
  77  5:22  Zergling x2, Baneling  
  77  5:24  Glial Reconstitution  
  79  5:34  Roach x6  
  91  5:35  Overlord  
  91  5:38  Overlord  
  91  5:42  Roach x2  
  95  5:44  Overlord  
  95  5:48  Overlord  
  95  5:54  Baneling  
  95  6:02  Overlord  
  95  6:04  Overlord  
  95  6:17  Drone x5  
  95  6:18  Drone  
  89  6:51  Corruptor x3  
  89  6:52  Corruptor x8  
  103  6:55  Roach x5  
  112  7:01  Overlord  
  112  7:03  Roach  
  112  7:04  Roach x2  
  118  7:09  Roach x2  
  118  7:15  Roach x4  
  122  7:19  Roach  
  122  7:22  Roach x4  
  122  7:30  Roach  
  122  7:32  Roach  
  122  7:34  Roach  
  122  7:35  Roach x3  
  132  7:44  Roach  
  132  7:45  Roach x3  
  132  7:49  Roach x3  
  144  7:55  Roach  
  142  8:00  Roach x2  
  142  8:02  Roach x2  
  136  8:07  Roach x2  
  138  8:17  Roach x2  
  138  8:19  Roach  
  132  8:25  Roach x2  
  132  8:26  Roach x2  
  128  8:28  Roach x2  
  128  8:31  Roach  
  120  8:36  Roach  
  118  8:45  Roach x2  
  114  8:51  Corruptor x3  
  114  8:55  Roach  
  114  8:59  Roach  
Tags
 
Add a new tag
Caveats
  • Supply blocks, unpowered buildings, or Contaminate may cause inaccurate times.
  • Supply counts are checked every 10 seconds.